 Dungeon Crawl Stone Soup version 0.30.1-11-g7821555f0a (webtiles) character file.

Game seed: 13934719615007004688

5984 jagang the Fighter (level 10, -6/89 HPs)
             Began as a Barachi Monk on Dec 15, 2023.
             Was a Priest of the Shining One.
             Mangled by a large abomination (22 damage)
             ... on level 1 of the Abyss on Dec 20, 2023.
             The game lasted 00:24:17 (6367 turns).

jagang the Fighter (Barachi Monk)                   Turns: 6367, Time: 00:24:18

Health: -6/89      AC:  7    Str: 12    XL:     10   Next: 85%
Magic:  10/12      EV:  9    Int: 11    God:    the Shining One [***...]
Gold:   309        SH:  7    Dex: 19    Spells: 9/9 levels left

rFire   . . .        P - +1 scimitar (flame)
rCold   . . .        d - orb {light}
rNeg    + + .        f - +5 chain mail {rPois}
rPois   +            (no helmet)
rElec   .            A - +1 cloak
rCorr   .            K - +0 pair of gloves
SInv    .            (no boots)
Will    .....        t - amulet of regeneration Stlth
                     u - ring of positive energy
HPRegen 1.14/turn    (no ring)
MPRegen 0.13/turn

%: no passive effects
@: divinely shielded, about to teleport, corroded, glowing, slow
A: amphibious, slowness 1, strong legs 1, +LOS
a: Hop, Renounce Religion, Divine Shield, Cleansing Flame


You were on level 1 of the Abyss.
You worshipped the Shining One.
The Shining One was most pleased with you.
You visited 2 branches of the dungeon, and saw 9 of its levels.
You visited the Abyss 1 time.

You collected 309 gold pieces.

Inventory:

Hand Weapons
 p - a +0 long sword
 z - the +6 hammer "Qeyrusap" {elec, rPois}
   (You found it on level 5 of the Dungeon)

   rPois:     It protects you from poison.
 L - a +3 long sword
 P - a +1 scimitar of flaming (weapon)
Missiles
 b - 4 curare-tipped darts (quivered)
 v - 6 silver javelins
 C - 9 poisoned darts
 M - 3 boomerangs
Armour
 d - an orb of light (worn)
 f - a +5 chain mail of poison resistance (worn)
 A - a +1 cloak (worn)
 K - a +0 pair of gloves (worn)
Jewellery
 t - an amulet of regeneration (around neck)
 u - a ring of positive energy (left hand)
 w - a ring of ice
 N - a +4 ring of slaying
Wands
 a - a wand of polymorph (8)
 o - a wand of flame (18)
 q - a wand of mindburst (13)
Scrolls
 h - 3 scrolls of teleportation
 i - 2 scrolls of magic mapping
 l - a scroll of butterflies {unknown}
 s - 2 scrolls of noise
 y - a scroll of immolation {unknown}
 B - a scroll of poison {unknown}
 D - 4 scrolls of vulnerability {unknown}
 F - a scroll of fog {unknown}
 G - 2 scrolls of blinking {unknown}
 H - a scroll of fear {unknown}
 I - 3 scrolls of enchant weapon {unknown}
Potions
 c - a potion of ambrosia
 e - a potion of lignification {unknown}
 g - 5 potions of curing {unknown}
 j - a potion of mutation {unknown}
 k - 2 potions of attraction {unknown}
 n - a potion of heal wounds {unknown}
 r - a potion of might {unknown}
 x - a potion of invisibility {unknown}
 E - 3 potions of haste {unknown}
 J - a potion of flight {unknown}
 O - a potion of brilliance {unknown}


   Skills:
 * Level 11.7 Fighting
 + Level 8.7 Long Blades
 - Level 5.2 Throwing
 + Level 7.5 Armour
 - Level 7.1 Dodging
 + Level 3.3 Shields
 + Level 2.9 Invocations


You had 9 spell levels left.
You didn't know any spells.
Your spell library contained the following spells:

 Spells                   Type           Power      Damage    Failure   Level
 Beastly Appendage        Tmut           0%         N/A       99%         1
 Kiss of Death            Conj/Necr      0%         2d5       99%         1
 Magic Dart               Conj           0%         1d3       99%         1
 Sandblast                Erth           0%         2d4       99%         1
 Cigotuvi's Dreadful Rot  Necr/Pois/Air  0%         N/A       100%        2
 Lesser Beckoning         Tloc           0%         N/A       100%        2
 Passwall                 Tmut/Erth      0%         N/A       100%        2
 Searing Ray              Conj           0%         2d4       100%        2
 Wereblood                Tmut           0%         N/A       100%        2
 Confusing Touch          Hex            0%         N/A       100%        3
 Gell's Gravitas          Tloc           0%         N/A       100%        3
 Ozocubu's Armour         Ice            0%         N/A       100%        3
 Spider Form              Tmut/Pois      0%         N/A       100%        3
 Stone Arrow              Conj/Erth      0%         3d7       100%        3
 Teleport Other           Tloc           0%         N/A       100%        3
 Dispel Undead            Necr           0%         3d6       100%        4
 Fulminant Prism          Conj/Hex       0%         3d5       100%        4
 Summon Lightning Spire   Summ/Air       0%         N/A       100%        4
 Death Channel            Necr           0%         N/A       100%        6
 Ozocubu's Refrigeration  Ice            0%         4d7       100%        7
 Storm Form               Tmut/Air       0%         N/A       100%        7
 Maxwell's Capacitive Co  Air            0%         ∞         100%        8


Dungeon Overview and Level Annotations

Branches:
Dungeon (8/15)             Temple (1/1) D:5
   Lair: D:8-11

Altars:
Ashenzari
Cheibriados
Elyvilon
Fedhas
Hepliaklqana
Kikubaaqudgha
Makhleb
Nemelex Xobeh
Okawaru
Qazlal
Ru
Sif Muna
Vehumet
Wu Jian
Xom
Yredelemnul
Zin
The Shining One

Shops:
D:6 :   D:8 =

Annotations:
D:3 2 transporters, whendricso's ghost, amateur DjHW


Innate Abilities, Weirdness & Mutations

You are amphibious.
You cover ground slowly.
You can hop short distances.
You have an extended range of vision and can be seen from far away.


Message History

The large abomination hits you.
You hit the large abomination. You burn the large abomination.
The large abomination is lightly damaged.
The large abomination hits you but does no damage.
You hit the large abomination but do no damage.
The large abomination is lightly damaged.
The large abomination hits you!!
You hit the large abomination but do no damage.
The large abomination is lightly damaged.
The large abomination barely misses you.
Your shield is strengthened by the Shining One's divine power.
You hit the large abomination. You burn the large abomination.
The large abomination is moderately damaged.
The large abomination hits you!
You hit the large abomination but do no damage.
The large abomination is moderately damaged.
You block the large abomination's attack.
You hit the large abomination. You burn the large abomination.
The large abomination is moderately damaged.
The large abomination hits you!!
You hit the large abomination but do no damage.
The large abomination is moderately damaged.
An ufetubus comes into view.
You hit the large abomination but do no damage.
The large abomination is moderately damaged.
The large abomination hits you!
* * * LOW HITPOINT WARNING * * *
The ufetubus barely misses you. The ufetubus hits you.
* * * LOW HITPOINT WARNING * * *
You hit the large abomination. You burn the large abomination.
The large abomination is moderately damaged.
The ufetubus closely misses you. You block the ufetubus's attack.
The large abomination barely misses you.
Okay, then.
As you read the scroll of teleportation, it crumbles to dust.
You feel strangely unstable.
You feel the power of the Abyss delaying your translocation!
The ufetubus hits you but does no damage. x2
The large abomination hits you!!
You die...

####
#X.#
#@#
##5#
.#
#.
##


You could see a large abomination and an ufetubus.

Vanquished Creatures
  A two-headed ogre (D:8)
  A rust devil (Abyss:1)
  A gargoyle (D:6)
  An efreet (Abyss:1)
  A harpy skeleton (Abyss:1)
  Prince Ribbit (D:5)
  3 slime creatures (D:5)
  2 steam dragons
  A chaos spawn (Abyss:1)
  A water moccasin (D:6)
  A sky beast (D:7)
  2 ice beasts
  3 orc warriors
  2 centaurs
  4 kobold brigands (D:5)
  2 bullfrogs (D:7)
  2 scorpions (D:4)
  A wyvern zombie (D:6)
  A gnoll sergeant (D:8)
  2 water moccasin zombies (D:6)
  5 wights (D:7)
  4 killer bees (D:7)
  A howler monkey (D:6)
  2 jellies (D:5)
  9 bullfrog zombies (D:6)
  A small abomination (Abyss:1)
  3 orc priests
  A bullfrog skeleton (D:6)
  A centaur skeleton (D:6)
  A hound (D:6)
  A sleepcap (D:7)
  Crazy Yiuf (D:5)
  5 iguanas
  Terence (D:2)
  Ijyb (D:5)
  5 orc wizards
  2 scorpion zombies (D:4)
  A killer bee zombie (D:6)
  A mummy (D:6)
  A howler monkey zombie (D:6)
  5 gnolls
  A howler monkey skeleton (D:6)
  7 adders
  A shadow imp (D:7)
  An ufetubus (D:4)
  3 adder zombies (D:4)
  3 dart slugs
  36 orcs
  2 bats
  9 endoplasms
  4 giant cockroaches
  7 hobgoblins
  3 ball pythons (D:1)
  A frilled lizard (D:3)
  5 goblins
  A hobgoblin zombie (D:6)
  10 kobolds
  3 kobold zombies (D:6)
  2 rats (D:1)
184 creatures vanquished.

Notes
Turn   | Place    | Note
-------+----------+-------------------------------------------
     0 | D:1      | jagang the Barachi Monk began the quest for the Orb.
     0 | D:1      | Reached XP level 1. HP: 18/18 MP: 1/1
   171 | D:1      | Reached XP level 2. HP: 20/25 MP: 2/2
   236 | D:1      | Reached skill level 4 in Fighting
   620 | D:2      | Reached skill level 1 in Armour
   620 | D:2      | Reached XP level 3. HP: 23/30 MP: 3/3
  1046 | D:2      | Noticed Terence
  1074 | D:2      | Killed Terence
  1075 | D:2      | Reached XP level 4. HP: 19/38 MP: 4/4
  1650 | D:3      | Reached skill level 1 in Throwing
  1984 | D:3      | Found a transporter.
  1987 | D:3      | Noticed whendricso's ghost (amateur DjHW)
  1989 | D:3      | Reached XP level 5. HP: 43/43 MP: 5/5
  2096 | D:3      | Found a transporter.
  2209 | D:4      | Reached skill level 5 in Fighting
  2504 | D:4      | Reached XP level 6. HP: 51/51 MP: 6/6
  2697 | D:4      | Found a basalt altar of Yredelemnul.
  2937 | D:4      | Found a snail-covered altar of Cheibriados.
  3099 | D:5      | Entered Level 5 of the Dungeon
  3134 | D:5      | Noticed Prince Ribbit
  3144 | D:5      | Killed Prince Ribbit
  3145 | D:5      | Reached skill level 6 in Fighting
  3145 | D:5      | Reached skill level 5 in Long Blades
  3145 | D:5      | Reached XP level 7. HP: 46/59 MP: 7/7
  3222 | D:5      | Found a staircase to the Ecumenical Temple.
  3308 | D:5      | Noticed Ijyb
  3320 | D:5      | Killed Ijyb
  3362 | D:5      | Identified the +6 hammer "Qeyrusap" {elec, rPois}
  3376 | D:5      | Found a runed translucent door.
  3377 | D:5      | Noticed Crazy Yiuf
  3383 | D:5      | Killed Crazy Yiuf
  3464 | D:5      | Reached skill level 5 in Dodging
  3468 | D:5      | Reached skill level 7 in Fighting
  3468 | D:5      | Reached XP level 8. HP: 45/67 MP: 8/8
  3539 | D:5      | Noticed a slime creature
  3539 | D:5      | Noticed a slime creature
  3539 | D:5      | Noticed a slime creature
  3573 | D:5      | Killed a slime creature
  3594 | D:6      | Noticed a gargoyle
  3601 | D:5      | HP: 3/68 [slime creature (8)]
  3608 | D:5      | Killed a slime creature
  3609 | D:5      | Reached skill level 8 in Fighting
  3713 | D:5      | Killed a slime creature
  4076 | D:5      | Reached skill level 5 in Armour
  4076 | D:5      | Reached XP level 9. HP: 65/75 MP: 9/9
  4200 | D:6      | Found Laxen's Book Boutique.
  4300 | D:6      | Reached skill level 9 in Fighting
  4330 | D:6      | Killed a gargoyle
  4613 | D:6      | Found a broken altar of Ashenzari.
  4675 | D:6      | Reached skill level 5 in Throwing
  4818 | D:6      | Reached skill level 10 in Fighting
  5087 | Temple   | Entered the Ecumenical Temple
  5168 | Temple   | Became a worshipper of the Shining One
  5168 | Temple   | Reached * piety under the Shining One
  5168 | Temple   | Reached ** piety under the Shining One
  5396 | D:7      | Reached XP level 10. HP: 71/85 MP: 10/10
  5445 | D:7      | Reached skill level 1 in Shields
  5457 | D:7      | Reached skill level 1 in Invocations
  5550 | D:7      | Found a sacrificial altar of Ru.
  5671 | D:7      | Identified the +3 sling of Evolution {freeze, Int+6}
  5862 | D:7      | Found a radiant altar of Vehumet.
  5871 | D:7      | Found an ornate altar of the Wu Jian Council.
  6143 | D:8      | Noticed a two-headed ogre
  6143 | D:8      | Found Qapp's Jewellery Shoppe.
  6153 | D:8      | Killed a two-headed ogre
  6154 | D:8      | Reached skill level 11 in Fighting
  6232 | Abyss:1  | Cast into level 1 of the Abyss (gnoll)
  6260 | Abyss:1  | Found a corrupted altar of Lugonu.
  6288 | Abyss:1  | Reached *** piety under the Shining One
  6328 | Abyss:1  | Noticed a rust devil
  6343 | Abyss:1  | Killed a rust devil
  6367 | Abyss:1  | Mangled by a large abomination

Illustrated notes

Levels and vault maps discovered:
D:1:      amcnicky_arrival_wind_blow, layout_basic, grunt_decor_resistance
D:2:      wander_river, layout_basic, grunt_decor_clamped, grunt_ministairs_5,
          uniq_terence
D:3:      layout_rooms, gammafunk_ghost_mausoleum
D:4:      layout_loops_ring, nicolae_yredelemnul_corpse_copse,
          marbit_many_paths, chequers_garden
D:5:      cheibrodos_fertilizer, layout_loops_ring,
          minmay_temple_entry_junction_2, due_unseen_surprise,
          uniq_crazy_yiuf_cottage, uniq_prince_ribbit1, uniq_ijyb
D:6:      layout_loops_cross, mainiacjoe_overflow_paths, serial_undead,
          serial_undead_e, serial_undead_e, serial_undead_d, serial_undead_a,
          serial_undead_c, serial_undead_a, minivault_19, nicolae_stop_n_shop_1,
          minmay_mini_ossuary
D:7:      layout_basic, mainiacjoe_overflow_swirl, general_overflow_altar,
          dreamdust_princess_corridor
D:8:      layout_loops_ring, serial_shops, shop
Temple:   hellmonk_temple_flake
Abyss:1:  base:
D:6

Skill      XL: |  1  2  3  4  5  6  7  8  9 10 |
---------------+-------------------------------+-----
Fighting       | 4 5 6 7 8 10 11 | 11.7
Long Blades    | 4 5 6 7 8 |  8.7
Armour         | 1 2 3 5 6 7 |  7.5
Throwing       | 1 2 3 4 5 |  5.2
Dodging        | 4 5 6 7 |  7.1
Shields        | 3 |  3.3
Invocations    | 2 |  2.9

Action                     |  1- 3 |  4- 6 |  7- 9 | 10-12 || total
---------------------------+-------+-------+-------+-------++-------
  Melee: Falchion          |    81 |    52 |       |       ||   133
         Long sword        |       |    96 |    33 |    75 ||   204
         Mace              |       |       |   196 |    61 ||   257
         Scimitar          |       |       |       |    26 ||    26
  Throw: Dart              |     4 |     2 |     7 |    12 ||    25
         Boomerang         |       |    15 |    67 |    22 ||   104
         Javelin           |       |       |     5 |     4 ||     9
 Invoke: Divine Shield     |       |       |       |     1 ||     1
         Cleansing Flame   |       |       |       |     1 ||     1
Ability: Hop               |     1 |       |     4 |       ||     5
    Use: Potion            |     1 |       |     1 |       ||     2
         Scroll            |       |       |     4 |     3 ||     7
 Armour: Robe              |    12 |       |       |       ||    12
         Chain mail        |       |   121 |   163 |    80 ||   364
  Dodge: Dodged            |    61 |    66 |   135 |    84 ||   346
  Block: Orb               |       |       |       |     2 ||     2
